 Dungeon Crawl Stone Soup version 0.20.0-7-g3b7b877 (webtiles) character file.

49865 mopl the Brawler (level 14, -23/144 HPs)
             Began as a Troll Hunter on May 29, 2017.
             Hit by a large rock thrown by a stone giant (32 damage)
             ... summoned by an orange crystal statue
             ... on level 1 of the Orcish Mines.
             The game lasted 00:42:11 (18886 turns).

mopl the Brawler (Troll Hunter)                    Turns: 18886, Time: 00:42:11

Health: -23/144    AC: 12    Str: 23      XL:     14   Next: 17%
Magic:  0/16       EV:  9    Int:  6 (7)  God:
Gold:   1169       SH:  0    Dex: 14      Spells: 6/13 levels left

rFire    . . .     SeeInvis +     - Unarmed
rCold    . . .     Gourm    +   (no shield)
rNeg     . . .     Faith    .   l - +2 robe {MR+}
rPois    .         Spirit   +   (helmet restricted)
rElec    .         Reflect  .   J - +0 cloak
rCorr    .         Harm     .   (gloves unavailable)
MR       ++...                  (boots unavailable)
Stlth    +.........             m - amulet of guardian spirit
Regen    0.8/turn               Q - +4 ring of protection {=R}
MPRegen  0.2/turn               v - ring of see invisible

@: drained
A: unfitting armour, claws 3, fast metabolism 3, gourmand, regeneration 1,
shaggy fur 1, tough skin 2
a: no special abilities


You were on level 1 of the Orcish Mines.
You were very full.

You visited 3 branches of the dungeon, and saw 18 of its levels.
You also visited: Sewer.

You collected 1576 gold pieces.
You spent 407 gold pieces at shops.

Inventory:

Hand Weapons
 b - a +0 blowgun
Missiles
 d - 3 throwing nets
 s - 532 stones
 t - 80 poisoned needles
 N - 4 tomahawks
 U - 7 large rocks (quivered)
Armour
 g - +0 swamp dragon scales
 l - a +2 robe of magic resistance (worn)
 J - a +0 cloak (worn)
Jewellery
 j - an uncursed ring of protection from cold
 m - an amulet of guardian spirit (around neck)
 v - a ring of see invisible (right claw)
 Q - a +4 ring of protection (left claw) {=R}
 R - an uncursed amulet of rage
Wands
 i - a wand of enslavement (18/24)
 p - a wand of polymorph (11/24)
 y - a wand of lightning (7/15)
 F - a wand of acid (10/15)
 L - a wand of paralysis (4/24)
 S - a wand of iceblast (5/15)
 W - a wand of acid (7/15)
Scrolls
 c - 2 scrolls of identify
 e - a scroll of amnesia
 h - a scroll of silence {!r}
 q - 9 scrolls of remove curse
 u - 4 scrolls of teleportation
 w - 2 scrolls of fear
 x - 5 scrolls of blinking
 A - 4 scrolls of magic mapping
 K - 3 scrolls of fog
 T - 2 scrolls of vulnerability
Potions
 a - 10 potions of curing
 k - 3 potions of cancellation
 n - 4 potions of lignification {!q}
 o - 2 potions of heal wounds
 B - 2 potions of resistance
 C - 3 potions of agility
 D - 6 potions of might
 G - 2 potions of flight
 I - 3 potions of invisibility
 O - 2 potions of haste
 X - 2 potions of berserk rage {!q}
Miscellaneous
 P - a lamp of fire
Comestibles
 f - 5 bread rations
 r - a chunk of flesh
 z - a meat ration
 H - 11 fruits


   Skills:
 + Level 10.5(9.8) Fighting
 + Level 11.5(10.8) Throwing
 - Level 1.5(0.9) Dodging
 - Level 0.3(0.0) Stealth
 * Level 16.2(15.4) Unarmed Combat
 + Level 4.8(4.2) Evocations


You had 6 spell levels left.
You knew the following spells:

 Your Spells              Type           Power        Failure   Level  Hunger
a - Song of Slaying       Chrm           #.......     58%         2    ###....
f - Shroud of Golubria    Chrm/Tloc      #.........   58%         2    ###....
r - Regeneration          Chrm/Necr      #.........   83%         3    ####...


Dungeon Overview and Level Annotations

Branches:
Dungeon (11/15)            Temple (0/1) D:4            Lair (6/6) D:10
  Swamp (0/4) Lair:2       Spider (0/4) Lair:2        Slime (0/5) Lair:5
    Orc (1/2) D:10

Altars:
Ashenzari
Cheibriados
Dithmenos
Fedhas
Gozag
Hepliaklqana
Kikubaaqudgha
Nemelex Xobeh
Okawaru
Qazlal
Sif Muna
Trog
Uskayaw
Vehumet
Xom
Yredelemnul
Zin
The Shining One
Jiyva

Shops:
D:4 :   D:5 [   D:8 *   D:9 *   D:10 [

Annotations:
Lair:1 exclusion: oklob plant
Orc:1 1 runed door, exclusion: 4 orange crystal statues


Innate Abilities, Weirdness & Mutations

You are too large for most types of armour.
You have claws for hands.
Your metabolism is lightning-fast.
You like to eat raw meat.
Your natural rate of healing is unusually fast.
You are covered in fur. (AC +1)
You have very tough skin. (AC +2)


Message History

You scratch the ogre.
The ogre is moderately wounded.
The ogre hits you with a giant spiked club!
The troll shouts!
You scratch the ogre.
The ogre is moderately wounded.
Really walk into that teleport trap?
You enter a teleport trap!
The teleport trap disappears.
Your surroundings suddenly seem different.
The stone giant shouts!
The stone giant throws a large rock.
The large rock hits you!!!
* * * LOW HITPOINT WARNING * * *
The large rock dissolves into shadows!
Unknown command.
The orc warrior shouts!
The orc wizard shouts!
The orc wizard gestures at you while chanting.
The puff of flame hits you!
* * * LOW HITPOINT WARNING * * *
The stone giant throws a large rock.
The large rock hits you!!
You die...

####..#.######### ##
####.#.....#8OooO.8#
##.##.#....C...#.#...#.#
#...........Ooo#oooo...#
#..............oo.oo...+
##..#....#......#.ooo...#
#.......##......#.#...#.#
#.....#####.....#8.....8#
##.....###..@...#########
#....##.#.....).........
#....#......><.........#
###...........)........#.
##........................
##.....#........[........#.
#.......#.............####
......................#
.....................##


You could see a stone giant, an orc warrior, 2 ogres, an orc priest (wandering),
an orc wizard and 3 orcs.

Vanquished Creatures
  Josephine (Lair:4)
  9 hydras
  9 death yaks
  3 swamp dragons (Lair:5)
  Pikel (D:8)
  An orc knight (D:10)
  A cyclops (D:11)
  An ugly thing (D:11)
  2 black mambas
  3 elephants
  Joseph (D:7)
  Psyche (D:9)
  12 spiny frogs
  A torpor snail (Lair:4)
  6 rime drakes
  6 komodo dragons
  4 polar bears
  A troll (D:11)
  7 hornets
  9 blink frogs
  A dream sheep (Lair:6)
  4 slime creatures (Lair:5)
  5 hippogriffs
  13 spriggans (Lair:6)
  23 yaks
  3 wraiths (Lair:4)
  A basilisk (Lair:3)
  3 hungry ghosts
  Eustachio (D:5)
  A steam dragon (D:10)
  Menkaure (D:7)
  6 swamp worms
  15 water moccasins
  Duvessa (D:5)
  5 porcupines
  A swamp drake (Lair:5)
  6 sky beasts
  5 black bears (Lair:6)
  6 orc warriors
  4 phantoms
  An ice beast (D:10)
  11 centaurs
  2 necrophages
  9 ogres
  18 wolves (Lair:6)
  3 boggarts (Lair:6)
  4 crocodiles
  12 bullfrogs
  3 big kobolds
  A wyvern zombie (D:8)
  Dowan (D:5)
  2 troll zombies (D:10)
  3 scorpions
  2 wights (D:11)
  2 howler monkeys (D:6)
  3 crimson imps
  A quasit (D:7)
  A centaur zombie (D:9)
  6 orc priests
  7 jellies
  2 centaur skeletons
  5 hounds
  3 orc wizards
  A bullfrog skeleton (D:10)
  12 worker ants
  An iguana (D:9)
  3 hell rats (D:10)
  4 ogre zombies (D:10)
  A hound zombie (D:7)
  A hound skeleton (D:5)
  A worker ant zombie (D:10)
  Robin (D:2)
  17 adders
  4 river rats
  3 shadow imps
  17 oozes
  2 adder skeletons (D:6)
  An adder zombie (D:7)
  6 worms
  3 dart slugs
  5 leopard geckos
  29 orcs
  5 giant cockroaches
  13 goblins
  11 hobgoblins
  15 jackals
  3 quokkas
  2 ball pythons (Sewer)
  4 bats
  5 frilled lizards
  A goblin skeleton (D:10)
  4 goblin zombies (D:10)
  A hobgoblin skeleton (D:10)
  2 hobgoblin zombies (D:10)
  A jackal zombie (D:6)
  23 kobolds
  A leopard gecko skeleton (D:5)
  2 leopard gecko zombies (D:6)
  An orc skeleton (D:10)
  10 orc zombies (D:10)
  33 rats
  A fungus (Lair:2)
  2 plants
538 creatures vanquished.

Vanquished Creatures (others)
  A blink frog (Lair:5)
  A slave (D:8)
  A quasit (D:10)
  A worm (D:2)
  A goblin (D:2)
  A kobold (D:2)
  A quokka (D:2)
  A bush (D:6)
  23 fungi
  6 plants
37 creatures vanquished.

Grand Total: 575 creatures vanquished

Notes
Turn   | Place    | Note
-------+----------+-------------------------------------------
     0 | D:1      | mopl the Troll Hunter began the quest for the Orb.
     0 | D:1      | Reached XP level 1. HP: 19/19 MP: 0/0
    26 | D:1      | Reached skill level 1 in Unarmed Combat
    30 | D:1      | Reached XP level 2. HP: 27/28 MP: 1/1
   209 | D:1      | Reached skill level 2 in Fighting
   368 | D:1      | Reached XP level 3. HP: 35/35 MP: 2/2
   597 | D:2      | Reached skill level 2 in Unarmed Combat
   714 | D:2      | Reached skill level 4 in Throwing
   764 | D:2      | Reached XP level 4. HP: 44/44 MP: 3/3
   857 | D:2      | Noticed Robin
   879 | D:2      | Killed Robin
   919 | D:2      | Found a radiant altar of Vehumet.
  1670 | D:3      | Reached skill level 3 in Unarmed Combat
  1768 | D:3      | Found an ancient bone altar of Kikubaaqudgha.
  1774 | D:3      | Found a shimmering altar of Xom.
  1774 | D:3      | Found a hide-covered altar of Uskayaw.
  2186 | D:3      | Found a deep blue altar of Sif Muna.
  2187 | D:3      | Found a stormy altar of Qazlal.
  2187 | D:3      | Found a shattered altar of Ashenzari.
  2188 | D:3      | Found a sparkling altar of Nemelex Xobeh.
  2189 | D:3      | Found an opulent altar of Gozag.
  2191 | D:3      | Found a bloodstained altar of Trog.
  2192 | D:3      | Found a snail-covered altar of Cheibriados.
  2278 | D:4      | Found a staircase to the Ecumenical Temple.
  2300 | D:4      | Reached XP level 5. HP: 33/50 MP: 4/4
  2343 | D:4      | Found a basalt altar of Yredelemnul.
  2343 | D:4      | Found an opulent altar of Gozag.
  2344 | D:4      | Found a stormy altar of Qazlal.
  2344 | D:4      | Found a shimmering altar of Xom.
  2345 | D:4      | Found a hide-covered altar of Uskayaw.
  2345 | D:4      | Found a glowing silver altar of Zin.
  2347 | D:4      | Found a hazy altar of Hepliaklqana.
  2347 | D:4      | Found a shadowy altar of Dithmenos.
  2348 | D:4      | Noticed an ogre
  2348 | D:4      | Found a shattered altar of Ashenzari.
  2348 | D:4      | Found an ancient bone altar of Kikubaaqudgha.
  2357 | D:4      | Killed an ogre
  2364 | D:4      | Found a basalt altar of Yredelemnul.
  2364 | D:4      | Found a deep blue altar of Sif Muna.
  2431 | D:4      | Reached skill level 4 in Unarmed Combat
  2560 | D:4      | Found a blossoming altar of Fedhas.
  2688 | D:4      | Reached skill level 3 in Fighting
  2688 | D:4      | Reached XP level 6. HP: 61/61 MP: 5/5
  2736 | D:4      | Found a glowing drain.
  2774 | Sewer    | Entered a sewer
  3162 | Sewer    | Reached skill level 5 in Unarmed Combat
  3162 | Sewer    | Reached XP level 7. HP: 46/67 MP: 6/6
  3410 | D:4      | Found Byareg's Book Shop.
  3818 | D:5      | Entered Level 5 of the Dungeon
  3818 | D:5      | Noticed Duvessa
  3818 | D:5      | Noticed Dowan
  3829 | D:5      | Killed Duvessa
  3829 | D:5      | Reached skill level 5 in Throwing
  3831 | D:5      | Killed Dowan
  3850 | D:5      | Found Sutram's Antique Armour Boutique.
  4000 | D:5      | Reached skill level 4 in Fighting
  4006 | D:5      | Reached skill level 6 in Unarmed Combat
  4140 | D:5      | Reached XP level 8. HP: 78/78 MP: 7/7
  4158 | D:5      | Noticed Eustachio
  4170 | D:5      | Killed Eustachio
  4346 | D:5      | Reached skill level 7 in Unarmed Combat
  4677 | D:6      | Reached skill level 6 in Throwing
  4793 | D:6      | Reached skill level 5 in Fighting
  4868 | D:6      | Reached skill level 8 in Unarmed Combat
  5218 | D:6      | Reached XP level 9. HP: 87/88 MP: 8/8
  5330 | D:7      | Got a pair of ichor-stained gloves
  5406 | D:7      | Noticed Joseph
  5408 | D:7      | Killed Joseph
  5415 | D:7      | Reached skill level 9 in Unarmed Combat
  5422 | D:7      | Found an iron altar of Okawaru.
  5496 | D:7      | Noticed Menkaure
  5503 | D:7      | Killed Menkaure
  5509 | D:7      | Found a glowing golden altar of the Shining One.
  5518 | D:7      | Reached skill level 7 in Throwing
  5626 | D:7      | HP: 3/89 [orc warrior/dire flail (18)]
  5629 | D:7      | Reached skill level 6 in Fighting
  5899 | D:7      | Got a jewelled ring mail
  6175 | D:8      | Reached skill level 10 in Unarmed Combat
  6196 | D:8      | Found Ymotujop's General Store.
  6202 | D:8      | Bought a scroll of identify for 28 gold pieces
  6202 | D:8      | Bought a scroll of remove curse for 42 gold pieces
  6202 | D:8      | Bought a scroll of vulnerability for 105 gold pieces
  6282 | D:8      | Noticed Pikel
  6296 | D:8      | Killed Pikel
  6296 | D:8      | Reached XP level 10. HP: 98/100 MP: 9/9
  7199 | D:9      | Reached skill level 8 in Throwing
  7199 | D:9      | Reached skill level 11 in Unarmed Combat
  7454 | D:9      | Noticed Psyche
  7458 | D:9      | Killed Psyche
  7712 | D:9      | Found Ipnoneiph's General Store.
  7717 | D:9      | Bought a scroll of teleportation for 45 gold pieces
  7717 | D:9      | Bought a scroll of magic mapping for 52 gold pieces
  7717 | D:9      | Bought a potion of berserk rage for 75 gold pieces
  7717 | D:9      | Bought a potion of brilliance for 60 gold pieces
  7740 | D:9      | Reached skill level 7 in Fighting
  7864 | D:10     | Entered Level 10 of the Dungeon
  7958 | D:10     | Found a staircase to the Orcish Mines.
  8254 | D:10     | Noticed a death yak
  8255 | D:10     | Noticed a death yak
  8257 | D:10     | Found a staircase to the Lair.
  8257 | D:10     | Noticed a death yak
  8370 | D:11     | Killed a death yak
  8423 | D:10     | Reached XP level 11. HP: 56/108 MP: 8/10
  8559 | D:10     | Killed a death yak
  8559 | D:10     | Reached skill level 12 in Unarmed Combat
  8565 | D:10     | Killed a death yak
  8939 | D:10     | Found Eleet's Antique Armour Shoppe.
  9254 | D:10     | Reached skill level 9 in Throwing
  9438 | Lair:1   | Entered Level 1 of the Lair of Beasts
  9673 | Lair:1   | Reached skill level 8 in Fighting
  9703 | Lair:1   | Noticed an oklob plant
 10238 | Lair:2   | Reached skill level 13 in Unarmed Combat
 10269 | Lair:2   | Found a staircase to the Swamp.
 10279 | Lair:2   | Noticed a five-headed hydra
 10295 | Lair:2   | Killed a ten-headed hydra
 10433 | Lair:2   | Found a hole to the Spider Nest.
 10929 | Lair:2   | Found a shimmering altar of Xom.
 11332 | Lair:2   | Reached XP level 12. HP: 120/121 MP: 11/11
 11826 | Lair:3   | Reached skill level 10 in Throwing
 11864 | Lair:3   | Learned a level 3 spell: Regeneration
 11867 | Lair:3   | Learned a level 2 spell: Song of Slaying
 11870 | Lair:3   | Learned a level 2 spell: Shroud of Golubria
 11939 | Lair:3   | Noticed an eight-headed hydra
 12461 | Lair:3   | Reached skill level 14 in Unarmed Combat
 12657 | Lair:3   | Reached skill level 9 in Fighting
 12733 | Lair:4   | Noticed a four-headed hydra
 12745 | Lair:4   | Killed a four-headed hydra
 12803 | Lair:4   | Noticed Josephine
 12821 | Lair:4   | Killed Josephine
 12824 | Lair:4   | Reached skill level 1 in Evocations
 13636 | Lair:5   | Noticed a death yak
 13636 | Lair:5   | Noticed a death yak
 13636 | Lair:5   | Noticed a death yak
 13636 | Lair:5   | Noticed a death yak
 13636 | Lair:5   | Noticed a death yak
 13636 | Lair:5   | Noticed a death yak
 13636 | Lair:5   | Noticed a six-headed hydra
 13697 | Lair:5   | Reached skill level 2 in Evocations
 13704 | Lair:5   | Noticed a four-headed hydra
 13800 | Lair:5   | Noticed a seven-headed hydra
 13806 | Lair:5   | Killed a seven-headed hydra
 13926 | Lair:5   | Killed a four-headed hydra
 14277 | Lair:5   | Noticed a six-headed hydra
 14450 | Lair:5   | Killed a six-headed hydra
 14453 | Lair:5   | Reached XP level 13. HP: 112/130 MP: 9/13
 14547 | Lair:5   | HP: 6/130 [poison (poison gas)]
 14737 | Lair:5   | Reached skill level 15 in Unarmed Combat
 14814 | Lair:2   | Reached skill level 3 in Evocations
 15253 | Lair:5   | Found a staircase to the Slime Pits.
 15253 | Lair:5   | Found a viscous altar of Jiyva.
 15986 | Lair:5   | Reached skill level 11 in Throwing
 15995 | Lair:5   | Reached skill level 10 in Fighting
 16153 | Lair:6   | Entered Level 6 of the Lair of Beasts
 16307 | Lair:6   | Reached skill level 4 in Evocations
 17464 | Lair:6   | Reached skill level 16 in Unarmed Combat
 17464 | Lair:6   | Reached XP level 14. HP: 114/144 MP: 12/16
 18677 | Orc:1    | Entered Level 1 of the Orcish Mines
 18677 | Orc:1    | Found a runed door.
 18840 | Orc:1    | Found a runed door.
 18844 | Orc:1    | Noticed a stone giant
 18859 | Orc:1    | HP: 6/144 [ogre/giant spiked club[an orange crystal statue] (14)]
 18886 | Orc:1    | Hit by a large rock thrown by a stone giant

Skill      XL: |  1  2  3  4  5  6  7  8  9 10 11 12 13 |
---------------+----------------------------------------+-----
Unarmed Combat | 1 2 3 4 5 6 8 10 11 13 14 16 | 16.2
Fighting       | 2 3 4 5 6 7 8 9 10 | 10.5
Throwing       | 4 5 6 7 8 9 10 11 | 11.5
Evocations     | 2 4 |  4.8
Dodging        | |  1.5
Stealth        | |  0.3

Action                   |  1- 3 |  4- 6 |  7- 9 | 10-12 | 13-15 || total
-------------------------+-------+-------+-------+-------+-------++-------
Melee: Unarmed           |   113 |   211 |   210 |   580 |   464 ||  1578
       Punch             |     1 |     3 |    10 |    35 |    45 ||    94
 Fire: Hunting sling     |       |    31 |    56 |    24 |       ||   111
       Blowgun           |       |       |       |     8 |     3 ||    11
Throw: Large rock        |       |     2 |     7 |    22 |    28 ||    59
       Stone             |       |       |     8 |    32 |       ||    40
       Tomahawk          |       |       |       |    67 |       ||    67
       Throwing net      |       |       |       |     1 |       ||     1
Evoke: Wand              |       |       |       |     2 |       ||     2
  Use: Scroll            |       |       |       |     1 |    30 ||    31
       Potion            |       |       |       |       |     7 ||     7
 Stab: Sleeping          |     3 |     1 |     4 |     3 |       ||    11
       Paralysed         |       |       |       |     5 |       ||     5
       Distracted        |       |       |       |     1 |       ||     1
  Eat: Chunk             |    12 |    23 |    28 |    81 |    46 ||   190
       Fruit             |       |       |       |     5 |     5 ||    10
Armor: Robe              |    41 |    99 |    59 |   201 |    27 ||   427
       Swamp dragon scal |       |       |       |       |   171 ||   171
Dodge: Dodged            |    71 |   109 |   102 |   236 |   177 ||   695
